Map: Ley Lines

Players

ManlyManMeat - Winner!

  • Race: Protoss Protoss
  • Spawn Location: 1:00

Boxy

  • Race: Protoss Protoss
  • League: Master
  • Spawn Location: 7:00

VOD

Have the link to the VOD?

Description

Time

  • Played on: May 14, 2025, 10:09 a.m.
  • Length: 12:44
Show
View Real Time Build Order
Export as new Build Order

ManlyManMeat Protoss - Winner!

Build Orders: 1 Gate Expand 

Get SALT Encoding   

  12  0:00  Probe  
  13  0:12  Probe  
  14  0:19  Pylon  
  14  0:24  Probe  
  15  0:33  Probe  
  15  0:41  Gateway  
  16  0:43  Probe  
  17  0:51  Assimilator  
  17  0:55  Probe  
  18  1:07  Probe  
  19  1:19  Probe  
  20  1:30  Cybernetics Core  
  20  1:40  Nexus  
  20  1:57  Probe  
  21  2:02  Pylon  
  21  2:03  Assimilator  
  21  2:05  Probe  
  21  2:11  Stalker  
  21  2:13  Warp Gate  
  24  2:27  Probe  
  25  2:38  Stalker  
  25  2:39  Probe  
  28  2:48  Pylon  
  28  2:50  Probe  
  28  2:53  Probe  
  30  3:00  Robotics Facility  
  30  3:01  Probe  
  30  3:05  Probe, Stalker  
  34  3:13  Probe  
  35  3:33  Pylon, Stalker  
  35  3:34  Probe  
  35  3:35  Probe  
  39  3:46  Probe x2  
  41  3:51  Robotics Bay  
  41  3:52  Observer  
  41  3:54  Probe  
  42  3:56  Assimilator  
  42  3:58  Probe  
  44  4:10  Probe  
  45  4:19  Forge  
  45  4:22  Pylon  
  45  4:27  Assimilator  
  45  4:43  Gateway  
  45  4:45  Probe, Gateway  
  45  4:46  Gateway  
  45  4:48  Protoss Ground Weapons Level 1  
  45  4:49  Probe  
  47  4:53  Probe  
  47  5:01  Probe  
  47  5:03  Immortal  
  52  5:09  Probe  
  53  5:14  Probe  
  53  5:21  Probe  
  55  5:24  Forge  
  55  5:27  Gateway  
  55  5:29  Gateway x2  
  55  5:42  Immortal  
  59  5:43  Pylon  
  59  5:47  Protoss Shields Level 1  
  59  5:48  Observer  
  59  6:19  Stalker x2  
  59  6:20  Stalker  
  59  6:23  Immortal  
  69  6:28  Stargate  
  69  6:29  Stargate  
  69  6:32  Twilight Council  
  69  6:47  Pylon  
  69  6:52  Pylon  
  69  7:21  Nexus  
  69  7:23  Pylon  
  69  7:26  Pylon, Immortal  
  69  7:27  Probe x2  
  75  7:35  Protoss Ground Weapons Level 2  
  75  7:37  Pylon  
  75  7:38  Assimilator  
  75  7:39  Probe  
  75  7:42  Assimilator  
  76  7:54  Fleet Beacon  
  76  8:00  Probe x2  
  76  8:05  Immortal  
  87  8:12  Probe  
  87  8:13  Probe  
  87  8:18  Void Ray  
  88  8:24  Probe  
  88  8:25  Probe  
  90  8:27  Protoss Shields Level 2  
  90  8:37  Probe  
  91  8:42  Tempest  
  91  8:47  Immortal  
  99  8:50  Probe x3  
  99  8:55  Tempest  
  106  8:59  Pylon  
  106  9:02  Probe x2  
  108  9:03  Shield Battery, Pylon  
  108  9:05  Probe  
  109  9:14  Probe x2  
  111  9:19  Robotics Facility  
  111  9:21  Robotics Facility  
  111  9:30  Charge, Sentry x2  
  119  9:34  Warp Prism  
  119  9:36  Tempest  
  121  9:40  Probe  
  122  9:48  Probe  
  123  10:00  Protoss Ground Armor Level 1  
  123  10:05  Stalker x2  
  123  10:06  Stalker x2  
  131  10:10  Immortal x2  
  139  10:17  Pylon  
  139  10:18  Pylon  
  139  10:35  Tempest x2  
  147  10:47  Stalker x3  
  147  10:48  Stalker  
  147  11:08  Immortal x2  
  147  11:09  Immortal  
  129  11:25  Stalker x4  
  129  11:36  Tempest x2  
  129  11:38  Unknown  
  129  11:39  Probe  
  138  11:51  Probe, Gateway  
  138  11:52  Gateway  
  135  11:54  Gateway  
  135  11:56  Gateway  
  135  11:59  Zealot x4  
  137  12:42  Zealot x3  
Show
View Real Time Build Order
Export as new Build Order

Boxy Protoss 

Build Orders:  

Get SALT Encoding   

  12  0:03  Probe  
  13  0:15  Probe  
  14  0:26  Pylon  
  14  0:35  Probe  
  15  0:45  Gateway  
  15  0:47  Probe  
  16  0:56  Pylon  
  16  0:59  Probe  
  17  1:12  Probe  
  18  1:24  Probe  
  19  1:46  Cybernetics Core  
  19  1:48  Forge  
  19  1:53  Assimilator  
  19  2:04  Nexus  
  19  2:05  Pylon  
  19  2:10  Zealot  
  21  2:18  Gateway  
  21  2:20  Probe  
  22  2:26  Assimilator  
  22  2:32  Probe  
  23  2:44  Probe  
  24  2:56  Probe  
  24  3:03  Stalker  
  24  3:04  Stalker  
  28  3:16  Probe x2  
  30  3:25  Protoss Ground Weapons Level 1  
  30  3:28  Probe x2  
  30  3:31  Warp Gate  
  32  3:40  Probe x2  
  34  3:45  Stalker x2  
  36  3:52  Probe x2  
  40  4:04  Probe x2  
  40  4:09  Assimilator  
  42  4:10  Assimilator  
  42  4:15  Shield Battery  
  42  4:16  Probe  
  42  4:17  Shield Battery, Probe  
  44  4:21  Pylon  
  44  4:28  Probe, Stalker  
  44  4:29  Probe  
  48  4:32  Stalker  
  50  4:41  Probe x2  
  52  4:47  Pylon  
  52  4:49  Pylon  
  52  5:02  Robotics Facility  
  52  5:07  Twilight Council  
  52  5:13  Pylon  
  52  5:18  Stargate  
  52  5:22  Stalker  
  52  5:25  Zealot  
  56  5:30  Probe x2  
  58  5:42  Probe, Nexus  
  59  5:43  Probe  
  59  5:45  Pylon  
  60  5:50  Assimilator  
  60  5:54  Probe  
  60  5:55  Assimilator, Probe  
  60  5:57  Stalker x2  
  66  6:06  Protoss Ground Armor Level 1  
  66  6:07  Probe x2  
  72  6:21  Void Ray  
  72  6:24  Probe x2  
  74  6:36  Probe x2  
  74  6:39  Robotics Bay  
  80  6:40  Immortal  
  80  6:46  Charge  
  80  7:07  Stalker  
  80  7:08  Stalker  
  84  7:16  Gateway  
  84  7:17  Gateway x2  
  80  7:27  Probe x3  
  83  7:38  Stalker x2  
  83  7:39  Probe x3  
  90  7:52  Pylon  
  90  7:55  Photon Cannon  
  90  7:57  Photon Cannon  
  90  7:58  Photon Cannon  
  90  7:59  Protoss Shields Level 1  
  90  8:01  Shield Battery  
  90  8:02  Shield Battery  
  90  8:03  Pylon x2, Probe x2  
  90  8:04  Probe  
  93  8:06  Pylon  
  97  8:20  Void Ray  
  97  8:25  Probe x3  
  97  8:27  Blink  
  100  8:31  Protoss Air Weapons Level 1  
  100  8:37  Probe x2  
  100  8:38  Probe  
  103  8:49  Probe x2  
  103  8:50  Probe  
  106  9:01  Probe  
  106  9:02  Probe x2  
  109  9:04  Nexus  
  109  9:06  Sentry  
  109  9:07  Sentry x4  
  119  9:17  Templar Archives  
  119  9:29  Assimilator  
  119  9:31  Assimilator  
  119  9:33  Pylon  
  119  9:36  Pylon, Stalker x4  
  119  9:37  Stalker  
  129  9:56  Shield Battery x2  
  129  9:59  Protoss Ground Weapons Level 2  
  129  10:00  Stalker x5  
  129  10:06  Extended Thermal Lance  
  139  10:07  Psionic Storm  
  139  10:09  Colossus  
  145  10:39  Protoss Air Armor Level 1  
  91  11:21  Stalker x2  
  91  11:22  Stalker x3  
  85  11:46  Stalker x3  
  85  11:47  Stalker x2  
  66  12:30  Stalker x4  
  66  12:31  Stalker  
Tags
 
League
Master
Matchup
PvP
Spawn Locations
Cross Positions
Add a new tag
Caveats
  • Supply blocks, unpowered buildings, or Contaminate may cause inaccurate times.
  • Supply counts are checked every 10 seconds.